 Dungeon Crawl Stone Soup version 0.18-a0-1350-g404b4cb (webtiles) character file.

140 M4edhros the Insei (level 5, -6/41 HPs)
             Began as a Mummy Monk on Feb 18, 2016.
             Mangled by an ogre
             ... wielding a +0 giant club
              (32 damage)
             ... on level 2 of the Dungeon.
             The game lasted 00:03:32 (3443 turns).

M4edhros the Insei (Mummy Monk)                     Turns: 3443, Time: 00:03:32

Health: -6/41      AC:  0    Str: 14    XL:     5   Next: 2%
Magic:  5/5        EV: 13    Int:  9    God:
Gold:   111        SH:  0    Dex: 16    Spells: 0 memorised, 4 levels left

rFire  x . .     SeeInvis .       - Unarmed
rCold  + . .     Gourm    .     (no armour)
rNeg   + + +     Faith    .     (no shield)
rPois  ∞         Spirit   .     (no helmet)
rElec  .         Dismiss  .     (no cloak)
rCorr  .         Reflect  .     (no gloves)
SustAt .         Harm     .     (no boots)
MR     .....                    (no amulet)
Stlth  ++........               (no ring)
                                (no ring)

@: not resistant to hostile enchantments, unstealthy
A: no food or potions, fire vulnerability, cold resistance 1, negative energy
resistance 3, torment resistance, unbreathing
a: no special abilities


You were on level 2 of the Dungeon.
You were not hungry.

You visited 1 branch of the dungeon, and saw 2 of its levels.

You collected 111 gold pieces.

Inventory:

Wands
 h - a wand of acid (9/15)
Scrolls
 a - a scroll of remove curse {unknown}
 b - a scroll of blinking {unknown}
 c - 2 scrolls of recharging {unknown}
 d - 2 scrolls of amnesia {unknown}
 e - a scroll of identify {unknown}
 g - a scroll of immolation {unknown}
Comestibles
 f - 7 fruits (quivered)


   Skills:
 - Level 3.0 Fighting
 - Level 2.4 Dodging
 - Level 1.5 Stealth
 + Level 5.2 Unarmed Combat


You had 4 spell levels left.
You didn't know any spells.

Dungeon Overview and Level Annotations

Branches:
Dungeon (2/15)

Altars:
Makhleb


Innate Abilities, Weirdness & Mutations

You do not eat or drink.
Your flesh is vulnerable to fire.
You are immune to poison.
Your flesh is cold resistant.
You are immune to negative energy.
You are immune to unholy pain and torment.
You can survive without breathing.


Message History

The ogre is lightly wounded.
The ogre barely misses you.
You hit the ogre.
The ogre is moderately wounded.
You hit the ogre but do no damage.
The ogre is moderately wounded.
The ogre completely misses you.
You hit the ogre.
The ogre is moderately wounded.
The ogre barely misses you.
You completely miss the ogre.
The ogre is moderately wounded.
You punch the ogre!
The ogre is heavily wounded.
The ogre hits you with a giant club.
You punch the ogre!
The ogre is almost dead.
The ogre hits you with a giant club!!
Ouch! That really hurt!
You die...

#<........# ####'########
############.## #.........%##
...# #.....# #..........## ##.#
#.....# #..........## #.# #.....#
##..........## ##.# #.....#
#...........## .#O######.....#
#...........'.
......).#.....######...#####...##
..............[.@O.........'.....
.............#########.#####...##
.#†#'#'#'#'#.#.# #.# ##.##
.#.#.#.#.#.#.#.#######.######.#
.###########.#...((...[.......#
.#.#.#.#.#.#.#'#.....#.########
.#'#'#'#'#'#.........#.#
.....................#.#
...#.#...............#.#


You could see an ogre.

Vanquished Creatures
  A hound (D:2)
  Terence (D:2)
  4 adders (D:2)
  2 worms (D:2)
  A giant gecko (D:1)
  3 hobgoblins
  2 jackals (D:2)
  2 ball pythons
  7 bats
  A giant newt (D:2)
  8 goblins
  3 kobolds
  14 rats
49 creatures vanquished.

Notes
Turn   | Place    | Note
--------------------------------------------------------------
     0 | D:1      | M4edhros the Mummy Monk began the quest for the Orb.
     0 | D:1      | Reached XP level 1. HP: 18/18 MP: 1/1
   410 | D:1      | Reached XP level 2. HP: 12/24 MP: 2/2
  1121 | D:1      | Reached skill level 4 in Unarmed Combat
  1226 | D:2      | Noticed Terence
  1240 | D:2      | Reached XP level 3. HP: 14/29 MP: 3/3
  1786 | D:2      | Killed Terence
  2236 | D:2      | Reached XP level 4. HP: 19/35 MP: 4/4
  2613 | D:2      | Found a burning altar of Makhleb.
  2650 | D:2      | Reached skill level 5 in Unarmed Combat
  3149 | D:2      | Noticed an ogre
  3160 | D:2      | Reached XP level 5. HP: 35/41 MP: 5/5
  3443 | D:2      | Mangled by an ogre

Vault maps used:
D:1:      minmay_arrival_arboretum_small
D:2:      makhleb_blood_cavern_becter, minmay_rat_gold_closets,
          uniq_crazy_yiuf_cottage, uniq_terence

Action                   |  1- 3 |  4- 6 || total
-------------------------+-------+-------++-------
Melee: Unarmed           |   148 |    63 ||   211
 Stab: Sleeping          |     6 |     1 ||     7
       Distracted        |     1 |       ||     1
